[Event "EYTCC Open U18 2022"]
[Site "Thessaloniki"]
[Date "2022.07.15"]
[Round "4.16"]
[White "Marakovits, Nico"]
[Black "Pasztor, Balazs"]
[Result "1/2-1/2"]
[ECO "A28"]
[WhiteElo "2259"]
[BlackElo "2336"]
[Annotator "ChessBase"]
[PlyCount "83"]
[EventDate "2022.07.12"]
[EventType "team-tourn"]
[EventCountry "GRE"]
[SourceTitle "playchess.com"]
[Source "ChessBase"]
[SourceQuality "1"]
[WhiteTeam "Austria"]
[BlackTeam "Hungary"]
[WhiteTeamCountry "AUT"]
[BlackTeamCountry "HUN"]
[TimeControl "40/5400+30:1800+30"]

1. c4 e5 2. Nc3 Nf6 3. Nf3 Nc6 4. a3 d5 5. cxd5 Nxd5 6. e4 Nxc3 7. bxc3 Bd6 8. d4 O-O 9. Be2 Re8 10. Qd3 Qe7 11. d5 Nb8 12. Nd2 Nd7 13. Nb3 a5 14. a4 Nb6 15. Be3 Bd7 16. Bxb6 cxb6 17. Qe3 Rec8 18. O-O Qe8 19. Qxb6 Bc7 20. Qe3 Bxa4 21. c4 b6 22. c5 bxc5 23. Nd2 c4 24. Nxc4 Bb5 25. Rfc1 Bxc4 26. Rxc4 Bd6 27. Rxc8 Qxc8 28. Bb5 Bc5 29. Qc1 Bb4 30. Bc6 Rb8 31. Qc4 Qc7 32. g3 Qb6 33. Ra2 Bd6 34. Kg2 g6 35. Qc3 Qb4 36. Qf3 Kg7 37. Qe2 Qc3 38. Rc2 Qd4 39. Rd2 Qc3 40. Rc2 Qd4 41. Rd2 Qc3 42. Rc2 1/2-1/2

[Event "EYTCC Open U18 2022"]
[Site "Thessaloniki"]
[Date "2022.07.15"]
[Round "4.17"]
[White "Trost, Edvin"]
[Black "Subelj, Jan"]
[Result "0-1"]
[ECO "D30"]
[WhiteElo "2345"]
[BlackElo "2498"]
[Annotator "ChessBase"]
[PlyCount "88"]
[EventDate "2022.07.12"]
[EventType "team-tourn"]
[EventCountry "GRE"]
[SourceTitle "playchess.com"]
[Source "ChessBase"]
[SourceQuality "1"]
[WhiteTeam "Sweden"]
[BlackTeam "Slovenia"]
[WhiteTeamCountry "SWE"]
[BlackTeamCountry "SLO"]
[TimeControl "40/5400+30:1800+30"]

1. d4 d5 2. c4 e6 3. Nf3 c6 4. e3 f5 5. Bd3 Bd6 6. O-O Nh6 7. b3 Qe7 8. Bb2 Nd7 9. Qc1 Qf6 10. Ba3 Nf7 11. Bxd6 Nxd6 12. Qa3 e5 13. dxe5 Nxe5 14. Nxe5 Qxe5 15. Nd2 dxc4 16. Nxc4 Nxc4 17. Bxc4 Qe7 18. Qb2 Bd7 19. Qd4 c5 20. Qf4 O-O-O 21. Bd5 g5 22. Qf3 Kb8 23. Rfd1 Bc8 24. Rd2 Rd6 25. Rad1 Rhd8 26. Qg3 f4 27. Qf3 fxe3 28. fxe3 Bg4 29. Qxg4 Qxe3+ 30. Kh1 Rxd5 31. Rxd5 Rxd5 32. Rf1 a6 33. h3 Ka7 34. Qc4 Qe5 35. Qc2 h5 36. Qf2 g4 37. Re1 g3 38. Qf1 Qc3 39. Rc1 Qd2 40. Qg1 Re5 41. a3 Qf2 42. Qd1 Re2 43. Qd5 Qe1+ 44. Rxe1 Rxe1# 0-1

[Event "EYTCC Open U18 2022"]
[Site "Thessaloniki"]
[Date "2022.07.15"]
[Round "4.18"]
[White "Marn, Jan"]
[Black "Olsson, William"]
[Result "0-1"]
[ECO "D43"]
[WhiteElo "2282"]
[BlackElo "2284"]
[Annotator "ChessBase"]
[PlyCount "58"]
[EventDate "2022.07.12"]
[EventType "team-tourn"]
[EventCountry "GRE"]
[SourceTitle "playchess.com"]
[Source "ChessBase"]
[SourceQuality "1"]
[WhiteTeam "Slovenia"]
[BlackTeam "Sweden"]
[WhiteTeamCountry "SLO"]
[BlackTeamCountry "SWE"]
[TimeControl "40/5400+30:1800+30"]

1. d4 d5 2. c4 c6 3. Nc3 Nf6 4. Nf3 e6 5. Qd3 dxc4 6. Qxc4 b5 7. Qd3 a6 8. g4 Nxg4 9. Bf4 Bb7 10. Rg1 Nf6 11. e4 c5 12. dxc5 Qxd3 13. Bxd3 Bxc5 14. Be5 Nbd7 15. Rxg7 Nxe5 16. Nxe5 Bd4 17. f4 Nd7 18. Nxf7 Bxg7 19. Nd6+ Kd8 20. Nxb7+ Kc7 21. Na5 Nc5 22. Ke2 Bh6 23. Rc1 Kb6 24. b4 Nxd3 25. Kxd3 Bxf4 26. Rf1 Rad8+ 27. Kc2 Rhf8 28. Rf3 Be5 29. Rh3 Rc8 0-1

[Event "EYTCC Open U18 2022"]
[Site "Thessaloniki"]
[Date "2022.07.15"]
[Round "4.19"]
[White "Falkevall, Axel"]
[Black "Nareks, Matic"]
[Result "1-0"]
[ECO "B22"]
[WhiteElo "2275"]
[BlackElo "2221"]
[Annotator "ChessBase"]
[PlyCount "89"]
[EventDate "2022.07.12"]
[EventType "team-tourn"]
[EventCountry "GRE"]
[SourceTitle "playchess.com"]
[Source "ChessBase"]
[SourceQuality "1"]
[WhiteTeam "Sweden"]
[BlackTeam "Slovenia"]
[WhiteTeamCountry "SWE"]
[BlackTeamCountry "SLO"]
[TimeControl "40/5400+30:1800+30"]

1. e4 c5 2. c3 d5 3. exd5 Qxd5 4. d4 g6 5. Nf3 Bg7 6. Nbd2 cxd4 7. Bc4 Qh5 8. Qb3 Nh6 9. Nxd4 O-O 10. O-O Nc6 11. Nxc6 bxc6 12. Re1 Be5 13. Nf3 Bd6 14. Be2 Bg4 15. h3 Bxh3 16. gxh3 Qxh3 17. Qc4 g5 18. Bxg5 Ng4 19. Bf4 Kh8 20. Qd4+ f6 21. Ng5 Qh5 22. Bxd6 Rg8 23. Bg3 Rxg5 24. Bxg4 Rxg4 25. Re4 Rg7 26. Kg2 e5 27. Qe3 Re8 28. Qe2 Qf7 29. Kh1 Qe6 30. Qh5 Rg5 31. Qh2 Qd5 32. Rae1 c5 33. c4 Qb7 34. Qg2 Qxb2 35. Rh4 Qc3 36. Qe4 Re7 37. Qe3 Qb4 38. Rd1 Kg7 39. Kh2 Rg6 40. Qf3 Qa4 41. Rd8 Qc2 42. Qa8 Rg5 43. Rg8+ Kf7 44. Qd5+ Re6 45. Re8 1-0

[Event "EYTCC Open U18 2022"]
[Site "Thessaloniki"]
[Date "2022.07.15"]
[Round "4.20"]
[White "Lavrencic, Matic"]
[Black "Wernberg, Hugo"]
[Result "1/2-1/2"]
[ECO "C95"]
[WhiteElo "2151"]
[BlackElo "2316"]
[Annotator "ChessBase"]
[PlyCount "123"]
[EventDate "2022.07.12"]
[EventType "team-tourn"]
[EventCountry "GRE"]
[SourceTitle "playchess.com"]
[Source "ChessBase"]
[SourceQuality "1"]
[WhiteTeam "Slovenia"]
[BlackTeam "Sweden"]
[WhiteTeamCountry "SLO"]
[BlackTeamCountry "SWE"]
[TimeControl "40/5400+30:1800+30"]

1. e4 e5 2. Nf3 Nc6 3. Bb5 a6 4. Ba4 Nf6 5. O-O Be7 6. Re1 b5 7. Bb3 d6 8. c3 O-O 9. h3 Nb8 10. d4 Nbd7 11. c4 Bb7 12. Nc3 c6 13. a3 Re8 14. Be3 Bf8 15. cxb5 axb5 16. dxe5 Nxe5 17. Nxe5 dxe5 18. Qe2 Qa5 19. Rad1 Red8 20. Bg5 Be7 21. Rxd8+ Rxd8 22. Rd1 h6 23. Be3 Bc8 24. f3 Be6 25. Bxe6 fxe6 26. Qc2 Rxd1+ 27. Qxd1 Kf7 28. Ne2 c5 29. Qc1 c4 30. Qc3 Qc7 31. b3 Qd6 32. bxc4 bxc4 33. Qxc4 Qxa3 34. Kf2 Nh5 35. Qc7 Qd6 36. Qc1 Qd8 37. Qc3 Qd6 38. g3 Nf6 39. h4 Nd7 40. Qd2 Qxd2 41. Bxd2 Bc5+ 42. Kf1 Nb6 43. Bc3 Nc4 44. Nc1 Kf6 45. Nd3 Bd4 46. Bb4 Bb6 47. Ke2 Na5 48. Bc3 Nc6 49. Kf1 Bd4 50. Bd2 Bb6 51. Kg2 Bd4 52. Nc1 Bb6 53. Ne2 Nd4 54. Ng1 Nb3 55. Bc3 Bd4 56. Be1 Bb6 57. Nh3 Na1 58. Nf2 Bd4 59. Ba5 Nc2 60. Ng4+ Ke7 61. Bd2 h5 62. Bg5+ 1/2-1/2

[Event "EYTCC Open U18 2022"]
[Site "Thessaloniki"]
[Date "2022.07.15"]
[Round "4.21"]
[White "Bilych, Olexiy"]
[Black "Levin, Guy"]
[Result "1-0"]
[ECO "B90"]
[WhiteElo "2365"]
[BlackElo "2363"]
[Annotator "ChessBase"]
[PlyCount "171"]
[EventDate "2022.07.12"]
[EventType "team-tourn"]
[EventCountry "GRE"]
[SourceTitle "playchess.com"]
[Source "ChessBase"]
[SourceQuality "1"]
[WhiteTeam "Ukraine"]
[BlackTeam "Israel"]
[WhiteTeamCountry "UKR"]
[BlackTeamCountry "ISR"]
[TimeControl "40/5400+30:1800+30"]

1. e4 c5 2. Nf3 d6 3. d4 cxd4 4. Nxd4 Nf6 5. Nc3 a6 6. Be3 e5 7. Nf3 Be7 8. h3 O-O 9. g4 Be6 10. g5 Nh5 11. h4 Nd7 12. Nd5 Rc8 13. Qd2 Nc5 14. O-O-O Nxe4 15. Qb4 Nc5 16. Bxc5 Rxc5 17. Qxb7 Bxd5 18. Rxd5 Rxd5 19. Qxd5 Qb6 20. Bc4 Nf4 21. Qd2 Qc6 22. Be2 f6 23. gxf6 Bxf6 24. Bd1 e4 25. Nd4 Bxd4 26. Qxd4 e3 27. Rg1 Ng6 28. Qxe3 Qd5 29. h5 Nf4 30. h6 g6 31. Qc3 Qe5 32. Qxe5 dxe5 33. Re1 Rf5 34. Bg4 Rg5 35. f3 Nh5 36. Re4 Nf6 37. Rb4 Kf7 38. Rb7+ Ke8 39. Be6 e4 40. fxe4 Rg1+ 41. Kd2 Nxe4+ 42. Ke3 Nd6 43. Kf2 Nxb7 44. Kxg1 a5 45. Kf2 Ke7 46. Bg8 Nd6 47. a4 Nf5 48. Bxh7 Nxh6 49. Bxg6 Kd6 50. Bd3 Kc5 51. c3 Ng4+ 52. Ke2 Ne5 53. Bb5 Nf7 54. Kd2 Ne5 55. Kc2 Nf3 56. Be2 Ne5 57. Kb3 Kc6 58. Ka3 Kb6 59. b4 Nc6 60. Bf3 Ne5 61. Bd5 Nd3 62. Kb3 Ne5 63. Be4 Ka6 64. Bc6 Kb6 65. Bb5 Nf7 66. c4 axb4 67. Kxb4 Ng5 68. a5+ Kc7 69. Ba4 Ne6 70. Bc2 Kb7 71. Be4+ Ka6 72. Bf5 Nd4 73. Bc8+ Ka7 74. Bd7 Kb7 75. Ba4 Ka6 76. c5 Ne6 77. Bb5+ Kb7 78. Kc4 Nc7 79. c6+ Kb8 80. Kc5 Ne6+ 81. Kd6 Nc7 82. Bc4 Ne8+ 83. Kd7 Nc7 84. a6 Na8 85. Kd8 Nc7 86. a7+ 1-0

[Event "EYTCC Open U18 2022"]
[Site "Thessaloniki"]
[Date "2022.07.15"]
[Round "4.22"]
[White "Yaniv, Yuval"]
[Black "Prokofiev, Valentyn"]
[Result "1-0"]
[ECO "B05"]
[WhiteElo "2305"]
[BlackElo "2286"]
[Annotator "ChessBase"]
[PlyCount "95"]
[EventDate "2022.07.12"]
[EventType "team-tourn"]
[EventCountry "GRE"]
[SourceTitle "playchess.com"]
[Source "ChessBase"]
[SourceQuality "1"]
[WhiteTeam "Israel"]
[BlackTeam "Ukraine"]
[WhiteTeamCountry "ISR"]
[BlackTeamCountry "UKR"]
[TimeControl "40/5400+30:1800+30"]

1. e4 Nf6 2. e5 Nd5 3. d4 d6 4. Nf3 Bg4 5. Be2 c6 6. c4 Nc7 7. exd6 exd6 8. O-O Be7 9. Nc3 O-O 10. h3 Bh5 11. Qb3 Qc8 12. Be3 Nd7 13. Rac1 f5 14. Rfe1 Nf6 15. d5 c5 16. Ng5 Bf7 17. Bf3 Nd7 18. Nxf7 Kxf7 19. Bf4 Re8 20. Re6 Nb6 21. Rxd6 Bxd6 22. Bxd6 Na6 23. Nb5 Kg8 24. a3 Qd8 25. Bf4 Qh4 26. Bd2 Qf6 27. g3 Nd7 28. d6 Rab8 29. h4 Kh8 30. Bd5 Qf8 31. Bf4 Nf6 32. Nc7 Nxd5 33. cxd5 Re4 34. Ne6 Qe8 35. d7 Qxd7 36. Bxb8 c4 37. Qd1 b5 38. Bf4 h6 39. f3 Rxe6 40. dxe6 Qxe6 41. Qd6 Qc8 42. Rd1 Kh7 43. h5 Nc5 44. Qg6+ Kh8 45. Re1 Ne4 46. fxe4 Qc5+ 47. Be3 Qe5 48. Rd1 1-0

[Event "EYTCC Open U18 2022"]
[Site "Thessaloniki"]
[Date "2022.07.15"]
[Round "4.23"]
[White "Hulka, Valentyn"]
[Black "Zemach, Nadav"]
[Result "1/2-1/2"]
[ECO "C77"]
[WhiteElo "2123"]
[BlackElo "2225"]
[Annotator "ChessBase"]
[PlyCount "67"]
[EventDate "2022.07.12"]
[EventType "team-tourn"]
[EventCountry "GRE"]
[SourceTitle "playchess.com"]
[Source "ChessBase"]
[SourceQuality "1"]
[WhiteTeam "Ukraine"]
[BlackTeam "Israel"]
[WhiteTeamCountry "UKR"]
[BlackTeamCountry "ISR"]
[TimeControl "40/5400+30:1800+30"]

1. e4 e5 2. Nf3 Nc6 3. Bb5 a6 4. Ba4 Nf6 5. Nc3 Bc5 6. O-O b5 7. Bb3 O-O 8. d3 h6 9. a4 Rb8 10. axb5 axb5 11. Nd5 d6 12. c3 Nxd5 13. exd5 Ne7 14. d4 exd4 15. Nxd4 Bd7 16. Be3 Nf5 17. Nxf5 Bxf5 18. Qd2 Bxe3 19. Qxe3 Re8 20. Qd2 Qg5 21. f4 Qf6 22. Rae1 Kf8 23. Bc2 Qg6 24. Bxf5 Qxf5 25. b4 h5 26. h3 Rxe1 27. Rxe1 Re8 28. Rxe8+ Kxe8 29. Qe2+ Kd8 30. Qxb5 Qxf4 31. Qb8+ Kd7 32. Qb5+ Kd8 33. Qb8+ Kd7 34. Qb5+ 1/2-1/2

[Event "EYTCC Open U18 2022"]
[Site "Thessaloniki"]
[Date "2022.07.15"]
[Round "4.24"]
[White "Vagman, Roy"]
[Black "Podolskyi, Mykhailo"]
[Result "1-0"]
[ECO "B23"]
[WhiteElo "2180"]
[BlackElo "2025"]
[Annotator "ChessBase"]
[PlyCount "151"]
[EventDate "2022.07.12"]
[EventType "team-tourn"]
[EventCountry "GRE"]
[SourceTitle "playchess.com"]
[Source "ChessBase"]
[SourceQuality "1"]
[WhiteTeam "Israel"]
[BlackTeam "Ukraine"]
[WhiteTeamCountry "ISR"]
[BlackTeamCountry "UKR"]
[TimeControl "40/5400+30:1800+30"]

1. e4 c5 2. Nc3 e6 3. f4 Nc6 4. Nf3 d5 5. Bb5 Nge7 6. exd5 exd5 7. Qe2 Be6 8. Bxc6+ bxc6 9. Na4 Nf5 10. O-O Be7 11. b3 O-O 12. Ba3 c4 13. Bxe7 Nxe7 14. Nd4 Bf5 15. Rae1 Re8 16. bxc4 Bd7 17. cxd5 cxd5 18. Nc3 Nc6 19. Qf2 Qf6 20. Nb3 Nb4 21. Rc1 Qd6 22. a3 Na6 23. Qd4 Bc6 24. Rce1 Nc7 25. a4 Ne6 26. Qf2 d4 27. Ne4 Qd5 28. Qg3 Kh8 29. f5 Nf8 30. d3 f6 31. Nd6 Re3 32. Rxe3 dxe3 33. Ne4 e2 34. Re1 Qxf5 35. Nd4 Qd7 36. Nxc6 Qxc6 37. Rxe2 Qxa4 38. h4 a5 39. Kh2 Qd7 40. Nc5 Qf7 41. Qd6 Rc8 42. d4 Qh5 43. Re4 Ng6 44. Qd7 Rg8 45. Qg4 Qd5 46. Qe6 Qh5 47. Qh3 f5 48. g4 fxg4 49. Qxg4 Qxg4 50. Rxg4 Rd8 51. c4 Rc8 52. Re4 Kg8 53. h5 Nf8 54. Kg3 a4 55. Re1 a3 56. Ra1 Ra8 57. Kf4 a2 58. Ke5 Kf7 59. d5 g5 60. Ne4 g4 61. c5 Nd7+ 62. Kd6 Nf6 63. Nxf6 Kxf6 64. c6 g3 65. c7 g2 66. Kd7 Ke5 67. d6 Kd4 68. c8=Q Rxc8 69. Kxc8 Kc3 70. d7 Kb2 71. d8=Q Kxa1 72. Qb6 h6 73. Qg1+ Kb2 74. Qxg2+ Kb1 75. Qf1+ Kb2 76. Kd7 1-0

[Event "EYTCC Open U18 2022"]
[Site "Thessaloniki"]
[Date "2022.07.15"]
[Round "4.25"]
[White "Herega, Nejc"]
[Black "Ratnesan, Ranesh"]
[Result "0-1"]
[ECO "D12"]
[WhiteElo "2160"]
[BlackElo "2269"]
[Annotator "ChessBase"]
[PlyCount "64"]
[EventDate "2022.07.12"]
[EventType "team-tourn"]
[EventCountry "GRE"]
[SourceTitle "playchess.com"]
[Source "ChessBase"]
[SourceQuality "1"]
[WhiteTeam "Slovenia"]
[BlackTeam "England"]
[WhiteTeamCountry "SLO"]
[BlackTeamCountry "ENG"]
[TimeControl "40/5400+30:1800+30"]

1. d4 d5 2. c4 c6 3. Nf3 Nf6 4. e3 Bf5 5. Nc3 a6 6. b3 e6 7. Bb2 Be7 8. Be2 h6 9. Nd2 O-O 10. f3 c5 11. cxd5 exd5 12. Na4 cxd4 13. Bxd4 Nc6 14. Bb6 Qe8 15. O-O Nd7 16. Kh1 Nxb6 17. Nxb6 Rd8 18. e4 dxe4 19. fxe4 Bxe4 20. Nxe4 Rxd1 21. Raxd1 Bd8 22. Nd7 Qxe4 23. Bf3 Qh4 24. g3 Qg5 25. Rd5 Qe3 26. Nxf8 Kxf8 27. Rd7 Ne5 28. Rxd8+ Ke7 29. Rdd1 Nxf3 30. Kg2 Qe2+ 31. Kh3 Qxh2+ 32. Kg4 Ne5+ 0-1

[Event "EYTCC Open U18 2022"]
[Site "Thessaloniki"]
[Date "2022.07.15"]
[Round "4.26"]
[White "Stoica, Savas Marin"]
[Black "Olenik Campa, Rudi"]
[Result "0-1"]
[ECO "D35"]
[WhiteElo "2092"]
[BlackElo "2203"]
[Annotator "ChessBase"]
[PlyCount "112"]
[EventDate "2022.07.12"]
[EventType "team-tourn"]
[EventCountry "GRE"]
[SourceTitle "playchess.com"]
[Source "ChessBase"]
[SourceQuality "1"]
[WhiteTeam "England"]
[BlackTeam "Slovenia"]
[WhiteTeamCountry "ENG"]
[BlackTeamCountry "SLO"]
[TimeControl "40/5400+30:1800+30"]

1. d4 Nf6 2. c4 e6 3. Nc3 d5 4. cxd5 exd5 5. Bg5 Be7 6. e3 c6 7. Bd3 O-O 8. Qc2 h6 9. Bh4 Re8 10. Nge2 a5 11. O-O Na6 12. a3 Nc7 13. f3 c5 14. Bf2 Ne6 15. dxc5 Bxc5 16. Nb5 Qb6 17. Ned4 Bd7 18. Rfe1 Rac8 19. Qd2 Red8 20. Rad1 Bxb5 21. Nxb5 Ne4 22. Bxe4 dxe4 23. Qe2 exf3 24. gxf3 Re8 25. Qf1 Ng5 26. Kg2 Qe6 27. Bg3 Qb3 28. e4 Nxf3 29. Qxf3 Qxb5 30. Re2 Rc6 31. e5 Rce6 32. Rc2 Be7 33. Rd5 Qa4 34. Qd3 Rc6 35. Re2 Rcc8 36. Rf2 Rf8 37. h3 Qc6 38. Kh2 Rcd8 39. Rxd8 Rxd8 40. Qb3 Qd5 41. Qa4 h5 42. Rg2 h4 43. Bxh4 Bxh4 44. Qxh4 Qxe5+ 45. Qg3 Qxg3+ 46. Kxg3 Rd3+ 47. Kg4 g6 48. h4 Rd4+ 49. Kg3 Kg7 50. Rc2 Rd5 51. Re2 b5 52. Re3 Kf6 53. Rf3+ Kg7 54. Re3 a4 55. Rf3 Rd2 56. b3 Rb2 0-1

[Event "EYTCC Open U18 2022"]
[Site "Thessaloniki"]
[Date "2022.07.15"]
[Round "4.27"]
[White "Gregoric, Andraz"]
[Black "Cont, Arya"]
[Result "1/2-1/2"]
[ECO "C63"]
[WhiteElo "2199"]
[BlackElo "1968"]
[Annotator "ChessBase"]
[PlyCount "62"]
[EventDate "2022.07.12"]
[EventType "team-tourn"]
[EventCountry "GRE"]
[SourceTitle "playchess.com"]
[Source "ChessBase"]
[SourceQuality "1"]
[WhiteTeam "Slovenia"]
[BlackTeam "England"]
[WhiteTeamCountry "SLO"]
[BlackTeamCountry "ENG"]
[TimeControl "40/5400+30:1800+30"]

1. e4 e5 2. Nf3 Nc6 3. Bb5 f5 4. d3 fxe4 5. dxe4 Nf6 6. O-O Bc5 7. Bxc6 bxc6 8. Nxe5 O-O 9. Nc3 d6 10. Na4 Qe8 11. Nd3 Bd4 12. c3 Bb6 13. Nxb6 axb6 14. f3 Be6 15. b3 b5 16. Nf4 c5 17. Nxe6 Qxe6 18. a4 bxa4 19. bxa4 Qc4 20. Qc2 Ra5 21. Bg5 Nd7 22. Qa2 Qxa2 23. Rxa2 Rfa8 24. Rb1 Nb6 25. Kf2 Kf7 26. Ke3 Ke6 27. g4 Rxa4 28. Rxa4 Rxa4 29. f4 Ra2 30. f5+ Kd7 31. Bf4 Rc2 1/2-1/2

[Event "EYTCC Open U18 2022"]
[Site "Thessaloniki"]
[Date "2022.07.15"]
[Round "4.28"]
[White "Dias, Savin"]
[Black "Kozlovic, Jernej"]
[Result "0-1"]
[ECO "D15"]
[WhiteElo "1894"]
[BlackElo "2088"]
[Annotator "ChessBase"]
[PlyCount "56"]
[EventDate "2022.07.12"]
[EventType "team-tourn"]
[EventCountry "GRE"]
[SourceTitle "playchess.com"]
[Source "ChessBase"]
[SourceQuality "1"]
[WhiteTeam "England"]
[BlackTeam "Slovenia"]
[WhiteTeamCountry "ENG"]
[BlackTeamCountry "SLO"]
[TimeControl "40/5400+30:1800+30"]

1. d4 d5 2. c4 c6 3. Nf3 Nf6 4. Nc3 a6 5. Bg5 Ne4 6. e3 Nxg5 7. Nxg5 e5 8. Nxf7 Kxf7 9. Qh5+ g6 10. Qf3+ Qf6 11. Qxf6+ Kxf6 12. dxe5+ Kxe5 13. f4+ Kf6 14. cxd5 Bb4 15. O-O-O Bxc3 16. bxc3 Bg4 17. Rd4 cxd5 18. h3 Be6 19. g4 Nc6 20. Rd3 g5 21. f5 Bf7 22. Bg2 Ne5 23. Rd4 h5 24. c4 Rac8 25. Kb1 Rxc4 26. Rxc4 Nxc4 27. Rc1 hxg4 28. hxg4 Rh2 0-1

[Event "EYTCC Open U18 2022"]
[Site "Thessaloniki"]
[Date "2022.07.15"]
[Round "4.29"]
[White "Stoimenidis, Dimitrios"]
[Black "Zeneli, Klendi"]
[Result "0-1"]
[ECO "C88"]
[WhiteElo "1993"]
[BlackElo "1921"]
[Annotator "ChessBase"]
[PlyCount "154"]
[EventDate "2022.07.12"]
[EventType "team-tourn"]
[EventCountry "GRE"]
[SourceTitle "playchess.com"]
[Source "ChessBase"]
[SourceQuality "1"]
[WhiteTeam "Greece"]
[BlackTeam "Albania"]
[WhiteTeamCountry "GRE"]
[BlackTeamCountry "ALB"]
[TimeControl "40/5400+30:1800+30"]

1. e4 e5 2. Nf3 Nc6 3. Bb5 a6 4. Ba4 Nf6 5. O-O Be7 6. Re1 b5 7. Bb3 O-O 8. a4 Bb7 9. d3 d6 10. Nc3 b4 11. Nd5 h6 12. a5 Rb8 13. Bd2 Bc8 14. Bc4 Nxd5 15. exd5 Na7 16. d4 exd4 17. Nxd4 Bf6 18. Be3 c5 19. dxc6 Bxd4 20. Bxd4 Nxc6 21. Bb6 Qd7 22. Qd2 Ne5 23. Bd5 Qg4 24. Bc7 Bb7 25. f4 Bxd5 26. fxe5 Rb5 27. exd6 Bc6 28. Re3 Rd5 29. Qe2 Qd4 30. Qf2 Qxb2 31. Rae1 Rc5 32. R1e2 Qc1+ 33. Qe1 Rxc2 34. Qxc1 Rxc1+ 35. Kf2 Bb5 36. Rd2 Rc3 37. Re1 Kh7 38. Bb6 b3 39. d7 Bxd7 40. Rxd7 Rc2+ 41. Re2 b2 42. Rd1 Rc1 43. Ree1 b1=Q 44. Rxc1 Qf5+ 45. Kg1 Rc8 46. Rxc8 Qxc8 47. h3 Kg6 48. Re3 f5 49. Rd3 Kf7 50. Rf3 g5 51. Re3 f4 52. Rf3 Kg6 53. h4 Kf5 54. hxg5 hxg5 55. Rf1 Qe6 56. Rf2 Qe5 57. g3 Qe1+ 58. Kh2 Kg4 59. gxf4 gxf4 60. Kg2 f3+ 61. Kh2 Qe5+ 62. Kh1 Kg3 63. Kg1 Qg7 64. Ra2 Qg6 65. Rb2 Kf4+ 66. Kf1 Qd3+ 67. Kf2 Ke4 68. Rb4+ Kf5 69. Rb2 Kg4 70. Kg1 Qd1+ 71. Kh2 Qd6+ 72. Kg1 Qe5 73. Rf2 Qg3+ 74. Kf1 Qe5 75. Kg1 Kg3 76. Rg2+ Kh3 77. Rf2 Qe1+ 0-1

[Event "EYTCC Open U18 2022"]
[Site "Thessaloniki"]
[Date "2022.07.15"]
[Round "4.30"]
[White "Xhembulla, Aleksander"]
[Black "Karamichos, Michail"]
[Result "1-0"]
[ECO "C84"]
[WhiteElo "1909"]
[BlackElo "1839"]
[Annotator "ChessBase"]
[PlyCount "155"]
[EventDate "2022.07.12"]
[EventType "team-tourn"]
[EventCountry "GRE"]
[SourceTitle "playchess.com"]
[Source "ChessBase"]
[SourceQuality "1"]
[WhiteTeam "Albania"]
[BlackTeam "Greece"]
[WhiteTeamCountry "ALB"]
[BlackTeamCountry "GRE"]
[TimeControl "40/5400+30:1800+30"]

1. e4 e5 2. Nf3 Nc6 3. Bb5 a6 4. Ba4 Nf6 5. O-O Be7 6. d3 b5 7. Bb3 d6 8. a3 O-O 9. Nc3 Bg4 10. Be3 Nd4 11. Bxd4 exd4 12. Nd5 c5 13. Nxf6+ Bxf6 14. Bd5 Rb8 15. a4 Be6 16. axb5 axb5 17. Ra6 Rb6 18. Qa1 Bxd5 19. exd5 Qc7 20. Qa5 Rfb8 21. Re1 Kf8 22. Nd2 Bd8 23. Ra7 R6b7 24. Qxc7 Bxc7 25. Ra6 Rb6 26. Ra2 Re8 27. Re4 Rxe4 28. Nxe4 Ke7 29. b4 cxb4 30. Ra7 Kd7 31. Nd2 Rb8 32. Kf1 Re8 33. Rb7 Rb8 34. Ra7 Re8 35. Rb7 Rb8 36. Rxb8 Bxb8 37. Nb3 Ba7 38. g4 Bb6 39. Ke2 Ke7 40. Kf3 Kf6 41. Kf4 Kg6 42. Nd2 Kf6 43. h4 h6 44. Nf3 Ke7 45. Ke4 Kd7 46. h5 Ke7 47. Kf5 Ke8 48. Ng1 Bd8 49. Ne2 Bb6 50. f3 Ke7 51. Ng1 Kd7 52. f4 Bd8 53. Nf3 Bb6 54. g5 Ke7 55. Nh2 Kf8 56. Ng4 hxg5 57. fxg5 Bd8 58. Nf2 Kg8 59. Kf4 Kh7 60. Ne4 Be7 61. Ng3 g6 62. Kg4 f6 63. hxg6+ Kxg6 64. Nf5 Bf8 65. Nh4+ Kf7 66. g6+ Ke7 67. Nf5+ Kd7 68. g7 Bxg7 69. Nxg7 Kc7 70. Kf5 Kb6 71. Ne6 Ka5 72. Nxd4 Ka4 73. Kxf6 Ka3 74. Ke6 Kb2 75. Kxd6 Kc3 76. Kc5 b3 77. cxb3 Kxd3 78. d6 1-0

[Event "EYTCC Open U18 2022"]
[Site "Thessaloniki"]
[Date "2022.07.15"]
[Round "4.31"]
[White "Tagkaloglou, Savvas Stefanos"]
[Black "Ramaj, Ergit"]
[Result "1-0"]
[ECO "B76"]
[WhiteElo "1724"]
[BlackElo "1980"]
[Annotator "ChessBase"]
[PlyCount "79"]
[EventDate "2022.07.12"]
[EventType "team-tourn"]
[EventCountry "GRE"]
[SourceTitle "playchess.com"]
[Source "ChessBase"]
[SourceQuality "1"]
[WhiteTeam "Greece"]
[BlackTeam "Albania"]
[WhiteTeamCountry "GRE"]
[BlackTeamCountry "ALB"]
[TimeControl "40/5400+30:1800+30"]

1. e4 c5 2. Nf3 d6 3. d4 cxd4 4. Nxd4 Nf6 5. Nc3 g6 6. Be3 Bg7 7. f3 O-O 8. Qd2 Nc6 9. g4 Be6 10. Nxe6 fxe6 11. O-O-O Ne5 12. Be2 Qc8 13. h4 Nfd7 14. f4 Nc4 15. Bxc4 Qxc4 16. e5 Rac8 17. h5 b5 18. Qh2 b4 19. Rd4 Qc6 20. hxg6 hxg6 21. Ne4 Kf7 22. Ng5+ Ke8 23. Nxe6 Rh8 24. Nxg7+ Kf7 25. Nh5 gxh5 26. gxh5 dxe5 27. fxe5 Nxe5 28. Rf1+ Ke8 29. Qe2 Rg8 30. Qf2 Qe6 31. Qf5 Qa6 32. h6 b3 33. h7 Rh8 34. Qf8+ Rxf8 35. Rxf8+ Kxf8 36. h8=Q+ Kf7 37. Qh7+ Kf6 38. Rf4+ Ke6 39. Qh6+ Kd5 40. Qxa6 1-0

[Event "EYTCC Open U18 2022"]
[Site "Thessaloniki"]
[Date "2022.07.15"]
[Round "4.32"]
[White "Boci, Petro"]
[Black "Karakotsios, Konstantinos"]
[Result "1-0"]
[ECO "C18"]
[WhiteElo "1709"]
[BlackElo "1376"]
[Annotator "NA"]
[PlyCount "103"]
[EventDate "2022.07.12"]
[EventType "team-tourn"]
[EventCountry "GRE"]
[SourceTitle "playchess.com"]
[Source "ChessBase"]
[SourceQuality "1"]
[WhiteTeam "Albania"]
[BlackTeam "Greece"]
[WhiteTeamCountry "ALB"]
[BlackTeamCountry "GRE"]
[TimeControl "40/5400+30:1800+30"]

1. e4 e6 2. d4 d5 3. Nc3 Bb4 4. e5 c5 5. a3 Bxc3+ 6. bxc3 Qa5 7. Bd2 Qa4 8. Qg4 Kf8 9. h4 h5 10. Qf4 Nc6 11. Nf3 Qxc2 12. Ng5 Nh6 13. Rh3 c4 14. Be2 Nf5 15. Bc1 Qa4 16. g4 hxg4 17. Bxg4 Nce7 18. h5 Qc6 19. a4 Nh6 20. Ba3 Ke8 21. Bd1 a5 22. Bc2 Nef5 23. Kd2 Bd7 24. Nf3 Kd8 25. Rb1 Ra6 26. Rg1 Ra8 27. Nh4 b6 28. Nxf5 Nxf5 29. Bxf5 exf5 30. Rxg7 Qxa4 31. Qg5+ Kc8 32. Bd6 Qa2+ 33. Ke1 Qb1+ 34. Ke2 Qc2+ 35. Kf1 Qb1+ 36. Kg2 Qe4+ 37. Kh2 f4 38. Rh4 Qf5 39. Qxf5 Bxf5 40. Rxf7 Bg6 41. Rc7+ Kd8 42. h6 a4 43. Rg7 Bh7 44. Ba3 Rc8 45. Rxf4 Rc7 46. e6 Be4 47. e7+ Kd7 48. e8=Q+ Kxe8 49. Rxc7 Rxh6+ 50. Kg3 Rg6+ 51. Rg4 Rxg4+ 52. Kxg4 1-0